MLB
TEXAS RANGERS @ BALTIMORE ORIOLES
09/11/2048
 
TOP OF THE 1ST
Texas Rangers batting - Pitching for Baltimore Orioles : RHP Andy Rondeau
Pitching: RHP Andy Rondeau
Batting: LHB Sean Geisler 0-0: Ball
1-0: Foul Ball, location: 2F
1-1: SINGLE (Groundball, 4MD, EV 93.8 MPH)
Batting: RHB Butch Kaiser 0-0: Called Strike
0-1: Swinging Strike
0-2: Foul Ball, location: 2F
0-2: Strikes out swinging
Batting: SHB John Giesbrecht 0-0: Ball
1-0: Called Strike
Sean Geisler steals 2nd base
1-1: Ball
Sean Geisler steals 3rd base
2-1: Foul Ball, location: 2F
2-2: Ball
3-2: SINGLE (Flyball, 56D, EV 93.8 MPH)
Sean Geisler scores
Batting: SHB Vince Ealy 0-0: Called Strike
0-1: Ball
1-1: Fly out, F8 (Line Drive, 8LD, EV 91.9 MPH)
Batting: RHB Marc Peckermark 0-0: Ball
1-0: Ball
2-0: Fly out, F3 (Line Drive, 34, EV 66.2 MPH)
Top of the 1st over - 1 run, 2 hits, 0 errors, 1 left on base; Texas 1 - Baltimore 0
BOTTOM OF THE 1ST
Baltimore Orioles batting - Pitching for Texas Rangers : RHP Pimbly Nimblebottom
Pitching: RHP Pimbly Nimblebottom
Batting: RHB Saimei Kudo 0-0: Fly out, F8 (Flyball, 8LM, EV 84.4 MPH)
Batting: RHB Tenshou Takita 0-0: Called Strike
0-1: Ball
1-1: Foul Ball, location: 2F
1-2: Strikes out swinging
Batting: RHB Rudo Garciaparra 0-0: Ground out 6-3 (Groundball, 6MS, EV 81.9 MPH)
Bottom of the 1st over - 0 runs, 0 hits, 0 errors, 0 left on base; Texas 1 - Baltimore 0
TOP OF THE 2ND
Texas Rangers batting - Pitching for Baltimore Orioles : RHP Andy Rondeau
Batting: RHB Blake Ballard 0-0: Called Strike
0-1: Ball
1-1: Swinging Strike
1-2: Strikes out looking
Batting: RHB Zhao-ji Chi 0-0: Foul Ball, location: 2F
0-1: SINGLE (Groundball, 15S, EV 70.0 MPH) (infield hit)
Batting: RHB Chris Torlak 0-0: Called Strike
Pickoff Throw to First - Error! E1
Zhao-ji Chi to second
0-1: Foul Ball, location: 2F
0-2: Ball
1-2: Ground out 5-3 (Groundball, 5, EV 85.0 MPH)
Batting: SHB Alvare Bairro 0-0: Ball
1-0: Ball
2-0: Ball
3-0: Called Strike
3-1: Base on Balls
Batting: LHB Sean Geisler 0-0: 3-RUN HOME RUN (Flyball, 9D, EV 109.4 MPH), Distance : 400 ft
Batting: RHB Butch Kaiser 0-0: Ball
1-0: Called Strike
1-1: Foul Ball, location: 2F
1-2: Ball
2-2: Strikes out looking
Top of the 2nd over - 3 runs, 2 hits, 1 error, 0 left on base; Texas 4 - Baltimore 0
BOTTOM OF THE 2ND
Baltimore Orioles batting - Pitching for Texas Rangers : RHP Pimbly Nimblebottom
Batting: SHB Jason Hayes 0-0: Ball
1-0: Foul Ball, location: 2F
1-1: Foul Ball, location: 2F
1-2: Strikes out swinging
Batting: RHB Vince Jackson 0-0: Called Strike
0-1: Ball
1-1: Called Strike
1-2: Ball
2-2: Strikes out swinging
Batting: SHB Tony Prado 0-0: Ball
1-0: Fly out, F5 (Popup, 56, EV 70.0 MPH)
Bottom of the 2nd over - 0 runs, 0 hits, 0 errors, 0 left on base; Texas 4 - Baltimore 0
TOP OF THE 3RD
Texas Rangers batting - Pitching for Baltimore Orioles : RHP Andy Rondeau
Batting: SHB John Giesbrecht 0-0: Called Strike
0-1: Ground out 5-3 (Groundball, 5, EV 83.8 MPH)
Batting: SHB Vince Ealy 0-0: SINGLE (Groundball, 56S, EV 72.5 MPH) (infield hit)
Batting: RHB Marc Peckermark 0-0: Called Strike
0-1: Called Strike
Vince Ealy steals 2nd base
0-2: Ground out 5-3 (Groundball, 5, EV 88.8 MPH)
Batting: RHB Blake Ballard 0-0: SINGLE (Groundball, 25, EV 71.9 MPH) (infield hit)
Vince Ealy to third
Batting: RHB Zhao-ji Chi 0-0: Called Strike
0-1: Ball
1-1: Foul Ball, location: 2F
1-2: Foul Ball, location: 2F
1-2: Ball
Blake Ballard steals 2nd base
2-2: DOUBLE (Line Drive, 9LS, EV 96.9 MPH)
Vince Ealy scores
Blake Ballard scores
Pitching: RHP Bobby Marble
Batting: RHB Chris Torlak 0-0: Called Strike
0-1: Ball
1-1: Fly out, F7 (Line Drive, 7, EV 88.1 MPH)
Top of the 3rd over - 2 runs, 3 hits, 0 errors, 1 left on base; Texas 6 - Baltimore 0
BOTTOM OF THE 3RD
Baltimore Orioles batting - Pitching for Texas Rangers : RHP Pimbly Nimblebottom
Batting: SHB Bran Stark 0-0: Called Strike
0-1: SINGLE (Groundball, 4MD, EV 108.8 MPH)
Batting: RHB Ernie Weathersbee 0-0: Foul Ball, location: 2F
0-1: Swinging Strike
0-2: Foul Ball, location: 2F
0-2: Foul Ball, location: 2F
0-2: Ball
1-2: SINGLE (Flyball, 34D, EV 89.4 MPH)
Bran Stark to second
Batting: SHB Eduardo Maldonado 0-0: Swinging Strike
0-1: Foul Ball, location: 2F
0-2: Ball
1-2: Ball
2-2: Grounds into double play, 4-6-3 (Groundball, 4, EV 87.5 MPH)
Bran Stark to third
Batting: RHB Saimei Kudo 0-0: Ball
1-0: Foul Ball, location: 2F
1-1: Ball
2-1: Ground out 5-3 (Groundball, 5L, EV 81.2 MPH)
Bottom of the 3rd over - 0 runs, 2 hits, 0 errors, 1 left on base; Texas 6 - Baltimore 0
TOP OF THE 4TH
Texas Rangers batting - Pitching for Baltimore Orioles : RHP Bobby Marble
Batting: SHB Alvare Bairro 0-0: Called Strike
0-1: Called Strike
0-2: Strikes out looking
Batting: LHB Sean Geisler 0-0: Ball
1-0: Ball
2-0: Fly out, F7 (Flyball, 78S, EV 88.8 MPH)
Batting: RHB Butch Kaiser 0-0: Ball
1-0: Foul Ball, location: 2F
1-1: SOLO HOME RUN (Flyball, 7D, EV 100.0 MPH), Distance : 392 ft
Batting: SHB John Giesbrecht 0-0: Called Strike
0-1: Ball
1-1: Ball
2-1: Ground out 4-3 (Groundball, 4S, EV 71.9 MPH)
Top of the 4th over - 1 run, 1 hit, 0 errors, 0 left on base; Texas 7 - Baltimore 0
BOTTOM OF THE 4TH
Baltimore Orioles batting - Pitching for Texas Rangers : RHP Pimbly Nimblebottom
Batting: RHB Tenshou Takita 0-0: Foul Ball, location: 2F
0-1: SINGLE (Groundball, 56D, EV 96.2 MPH)
Batting: RHB Rudo Garciaparra 0-0: Called Strike
0-1: Ball
1-1: Called Strike
1-2: Grounds into double play, 4-6-3 (Groundball, 4, EV 84.4 MPH)
Batting: SHB Jason Hayes 0-0: Foul Ball, location: 2F
0-1: Ball
1-1: Ball
2-1: Called Strike
2-2: Ground out 4-3 (Groundball, 4, EV 88.1 MPH)
Bottom of the 4th over - 0 runs, 1 hit, 0 errors, 0 left on base; Texas 7 - Baltimore 0
TOP OF THE 5TH
Texas Rangers batting - Pitching for Baltimore Orioles : RHP Bobby Marble
Batting: SHB Vince Ealy 0-0: Ball
1-0: Called Strike
1-1: Called Strike
1-2: Ground out 6-3 (Groundball, 6, EV 109.4 MPH)
Batting: RHB Marc Peckermark 0-0: Ball
1-0: Ball
2-0: Fly out, F4 (Popup, 34, EV 70.0 MPH)
Batting: RHB Blake Ballard 0-0: Fly out, F6 (Popup, 6S, EV 63.1 MPH)
Top of the 5th over - 0 runs, 0 hits, 0 errors, 0 left on base; Texas 7 - Baltimore 0
BOTTOM OF THE 5TH
Baltimore Orioles batting - Pitching for Texas Rangers : RHP Pimbly Nimblebottom
Batting: RHB Vince Jackson 0-0: Called Strike
0-1: Foul Ball, location: 2F
0-2: Ball
1-2: Strikes out swinging
Batting: SHB Tony Prado 0-0: Swinging Strike
0-1: Foul Ball, location: 2F
0-2: Ball
1-2: Foul Ball, location: 2F
1-2: Fly out, F9 (Line Drive, 9LM, EV 92.5 MPH)
Batting: SHB Bran Stark 0-0: SINGLE (Groundball, 6D, EV 103.8 MPH)
Batting: RHB Ernie Weathersbee 0-0: Called Strike
0-1: Ball
Bran Stark is caught stealing 2nd base 2-4
Bottom of the 5th over - 0 runs, 1 hit, 0 errors, 0 left on base; Texas 7 - Baltimore 0
TOP OF THE 6TH
Texas Rangers batting - Pitching for Baltimore Orioles : RHP Bobby Marble
Batting: RHB Zhao-ji Chi 0-0: Called Strike
0-1: Ball
1-1: Ground out 3-1 (Groundball, 13, EV 87.5 MPH)
Batting: RHB Chris Torlak 0-0: Swinging Strike
0-1: Called Strike
0-2: Ball
1-2: Strikes out swinging
Batting: SHB Alvare Bairro 0-0: Called Strike
0-1: Fly out, F8 (Flyball, 8LD, EV 96.2 MPH)
Top of the 6th over - 0 runs, 0 hits, 0 errors, 0 left on base; Texas 7 - Baltimore 0
BOTTOM OF THE 6TH
Baltimore Orioles batting - Pitching for Texas Rangers : RHP Pimbly Nimblebottom
Batting: RHB Ernie Weathersbee 0-0: Ball
1-0: Ball
2-0: Swinging Strike
2-1: Swinging Strike
2-2: Ball
3-2: SINGLE (Line Drive, 8RS, EV 102.5 MPH)
Batting: SHB Eduardo Maldonado 0-0: Swinging Strike
0-1: Fly out, F8 (Flyball, 8LD, EV 89.4 MPH)
Batting: RHB Saimei Kudo 0-0: Called Strike
0-1: Foul Ball, location: 2F
0-2: Ball
1-2: Strikes out swinging
Batting: RHB Tenshou Takita 0-0: Called Strike
0-1: Swinging Strike
0-2: Ball
1-2: Foul Ball, location: 2F
1-2: Ball
2-2: Foul Ball, location: 2F
2-2: SINGLE (Line Drive, 9LS, EV 93.1 MPH)
Ernie Weathersbee to second
Runner from 2nd tries for 3rd, SAFE, throw by RF made to third
Batting: RHB Rudo Garciaparra 0-0: Ground out 1-3 (Groundball, 13, EV 66.9 MPH)
Bottom of the 6th over - 0 runs, 2 hits, 0 errors, 2 left on base; Texas 7 - Baltimore 0
TOP OF THE 7TH
Texas Rangers batting - Pitching for Baltimore Orioles : RHP Bobby Marble
Pinch Hitting: RHB Cesar Martinez 0-0: Ball
1-0: SINGLE (Groundball, 56, EV 110.6 MPH) (infield hit)
Batting: RHB Butch Kaiser 0-0: SINGLE (Groundball, 34D, EV 100.0 MPH)
Cesar Martinez to second
Runner from 2nd tries for 3rd, SAFE, throw by RF made to third
Batting: SHB John Giesbrecht 0-0: Ball
1-0: Swinging Strike
1-1: Foul Ball, location: 2F
1-2: Foul Ball, location: 2F
1-2: Ball
2-2: Foul Ball, location: 2F
2-2: SINGLE (Line Drive, 6M, EV 96.2 MPH)
Cesar Martinez scores
Butch Kaiser to second
Pitching: LHP Silas Chinn
Batting: SHB Vince Ealy 0-0: Called Strike
0-1: SINGLE (Groundball, 6MD, EV 101.9 MPH)
Butch Kaiser to third
John Giesbrecht to second
Runner from 3rd tries for Home, SAFE, throw by CF to home
Batting: RHB Marc Peckermark 0-0: Called Strike
0-1: 3-RUN HOME RUN (Flyball, 89XD, EV 105.6 MPH), Distance : 424 ft
Batting: RHB Blake Ballard 0-0: Called Strike
0-1: Ball
1-1: Foul Ball, location: 2F
1-2: Foul Ball, location: 2F
1-2: Ball
2-2: Foul Ball, location: 2F
2-2: Ball
3-2: SINGLE (Groundball, 4D, EV 94.4 MPH)
Batting: RHB Zhao-ji Chi 0-0: Ball
1-0: SINGLE (Groundball, 56D, EV 100.0 MPH)
Blake Ballard to second
Batting: RHB Chris Torlak 0-0: Ball
1-0: Foul Ball, location: 2F
1-1: Swinging Strike
1-2: Foul Ball, location: 2F
1-2: TRIPLE (Flyball, 7LD, EV 91.9 MPH)
Blake Ballard scores
Zhao-ji Chi scores
Pitching: RHP Hector Aguado
Batting: SHB Alvare Bairro 0-0: Foul Ball, location: 2F
0-1: Ball
1-1: Swinging Strike
1-2: Hit by Pitch
Batting: RHB Cesar Martinez 0-0: Ball
1-0: Fly out, F8 (Flyball, 89XD, EV 87.5 MPH)
Runner from 3rd tags up, SCORES, no throw by CF
Batting: RHB Butch Kaiser 0-0: Ball
1-0: Called Strike
1-1: Foul Ball, location: 2F
1-2: Grounds into double play, 6-4-3 (Groundball, 6, EV 107.5 MPH)
Top of the 7th over - 8 runs, 8 hits, 0 errors, 0 left on base; Texas 15 - Baltimore 0
BOTTOM OF THE 7TH
Baltimore Orioles batting - Pitching for Texas Rangers : RHP Pimbly Nimblebottom
Now at 1B: Josh Stuck
Batting: SHB Jason Hayes 0-0: Ball
1-0: Foul Ball, location: 2F
1-1: Foul Ball, location: 2F
1-2: Strikes out swinging
Batting: RHB Vince Jackson 0-0: Ball
1-0: Called Strike
1-1: Foul Ball, location: 2F
1-2: Ball
2-2: Ball
3-2: Fly out, F9 (Flyball, 89S, EV 93.1 MPH)
Batting: SHB Tony Prado 0-0: Ball
1-0: Foul Ball, location: 2F
1-1: Ball
2-1: Ball
3-1: Base on Balls
Batting: SHB Bran Stark 0-0: Ball
1-0: Ball
2-0: Ground out 4-3 (Groundball, 4, EV 83.8 MPH)
Bottom of the 7th over - 0 runs, 0 hits, 0 errors, 1 left on base; Texas 15 - Baltimore 0
TOP OF THE 8TH
Texas Rangers batting - Pitching for Baltimore Orioles : RHP Hector Aguado
Batting: SHB John Giesbrecht 0-0: Called Strike
0-1: Called Strike
0-2: Ball
1-2: Ball
2-2: Ball
3-2: Strikes out looking
Batting: SHB Vince Ealy 0-0: Ball
1-0: Ball
2-0: Foul Ball, location: 2F
2-1: Foul Ball, location: 2F
2-2: Ball
3-2: Base on Balls
Batting: RHB Marc Peckermark 0-0: Swinging Strike
0-1: Foul Ball, location: 2F
0-2: Strikes out looking
Batting: RHB Blake Ballard 0-0: Foul Ball, location: 2F
0-1: Ball
1-1: Foul Ball, location: 2F
1-2: Strikes out swinging
Top of the 8th over - 0 runs, 0 hits, 0 errors, 1 left on base; Texas 15 - Baltimore 0
BOTTOM OF THE 8TH
Baltimore Orioles batting - Pitching for Texas Rangers : RHP Pimbly Nimblebottom
Batting: RHB Ernie Weathersbee 0-0: Called Strike
0-1: Swinging Strike
0-2: Ball
1-2: Ball
2-2: Ball
3-2: Base on Balls
Batting: SHB Eduardo Maldonado 0-0: Ball
1-0: Ball
2-0: Called Strike
2-1: Ball
3-1: Fly out, F4 (Popup, 4, EV 57.5 MPH)
Batting: RHB Saimei Kudo 0-0: Foul Ball, location: 2F
0-1: Ball
1-1: Ball
2-1: Ball
3-1: Called Strike
3-2: Foul Ball, location: 2F
3-2: Base on Balls
Ernie Weathersbee to second
Batting: RHB Tenshou Takita 0-0: Ball
1-0: Grounds into double play, 5-4-3 (Groundball, 56S, EV 86.9 MPH)
Bottom of the 8th over - 0 runs, 0 hits, 0 errors, 1 left on base; Texas 15 - Baltimore 0
TOP OF THE 9TH
Texas Rangers batting - Pitching for Baltimore Orioles : RHP Hector Aguado
Batting: RHB Zhao-ji Chi 0-0: Ball
1-0: Ball
2-0: Called Strike
2-1: SINGLE (Groundball, 6MD, EV 97.5 MPH)
Batting: RHB Chris Torlak 0-0: Ball
1-0: Called Strike
1-1: Foul Ball, location: 2F
1-2: Strikes out swinging
Batting: SHB Alvare Bairro 0-0: Swinging Strike
0-1: Foul Ball, location: 2F
0-2: Ball
1-2: Strikes out swinging
Batting: LHB Josh Stuck 0-0: Ball
1-0: Ball
2-0: Foul Ball, location: 2F
2-1: Foul Ball, location: 2F
2-2: SINGLE (Flyball, 89S, EV 86.2 MPH)
Zhao-ji Chi to second
Batting: RHB Butch Kaiser 0-0: Swinging Strike
0-1: Swinging Strike
0-2: Strikes out swinging
Top of the 9th over - 0 runs, 2 hits, 0 errors, 2 left on base; Texas 15 - Baltimore 0
BOTTOM OF THE 9TH
Baltimore Orioles batting - Pitching for Texas Rangers : RHP Pimbly Nimblebottom
Batting: RHB Rudo Garciaparra 0-0: Ball
1-0: Swinging Strike
1-1: Ball
2-1: SOLO HOME RUN (Flyball, 7D, EV 98.1 MPH), Distance : 399 ft
Pitching: RHP Isaburo Ishihara
Batting: SHB Jason Hayes 0-0: Called Strike
0-1: Called Strike
0-2: Ball
1-2: Foul Ball, location: 2F
1-2: Strikes out looking
Batting: RHB Vince Jackson 0-0: Ball
1-0: SINGLE (Groundball, 6M, EV 97.5 MPH) (infield hit)
Batting: SHB Tony Prado 0-0: Called Strike
0-1: Foul Ball, location: 2F
0-2: Strikes out swinging
Batting: SHB Bran Stark 0-0: Ball
1-0: Fly out, F9 (Line Drive, 89M, EV 95.6 MPH)
Bottom of the 9th over - 1 run, 2 hits, 0 errors, 1 left on base; Texas 15 - Baltimore 1
Tuesday, March 28th , 2023 - OOTP Baseball 23.10 Build 110